Unix NetHack Version 5.0.0-0 post-release - last build May 10 2026 23:12:36 (d1fa5d53e341ca933230fdaa984d921c805b60aa,branch:main).

Game began 2026-05-12 16:50:29, ended 2026-05-12 17:17:08.

DiePARTEI, neutral female gnomish Archeologist

                              -------
                          -----..|..|
                          |.........----------------
                          |...|...-..^..........^^.|
                          |.---.-*....------------+|
                          |........|.--  |.........|
                          |d----..--.|   |.........|
                          |@dd....|%.|   |.........|
                          |ddd.....*-|   |.........|
                          |.0|...|.0.|   |....<....|
                          |..-----0-.|   |.........|
                          |.0.%%.....|   |.........|
                          --.>--------   |.........|
                           ----          -----------

DiePARTEI the Field Worker  St:12 Dx:10 Co:12 In:13 Wi:16 Ch:13  Neutral
Dlvl:4  $:0  HP:0(30) Pw:21(21) AC:-2 Xp:5 T:3353  Burdened

Latest messages:
 With great effort you move the boulder.
 The boulder suddenly rolls away from you!
 You hear a boulder fall.
 You see here a food ration.
 With great effort you move the boulder.
 With great effort you move the boulder.
 You see here 54 rocks.
 You lash the coyote.
 The coyote bites!
 The coyote bites!
 You miss the coyote.
 The coyote misses!
 You lash the coyote.
 The coyote misses!
 You kill the coyote!
 You see here 54 rocks.
 With great effort you move the boulder.
 With great effort you move the boulder.
 With great effort you move the boulder.
 You see here a water nymph corpse.
 With great effort you move the boulder.
 The boulder suddenly rolls away from you!
 You hear a boulder fall.
 You see here a food ration.
 The werewolf misses!
 You lash the werewolf!
 The werewolf changes into a wolf.
 The werewolf bites!
 The werewolf bites!
 You avoid harm.
 You miss the werewolf.
 The werewolf summons help!
 A wolf suddenly appears next to you!
 The werewolf bites!
 You avoid harm.
 The wolf bites!
 The wolf bites!
 The wolf bites!
 The werewolf summons help!
 A wolf suddenly appears next to you!
 A wolf suddenly appears next to you!
 A warg suddenly appears close by!
 A winter wolf suddenly appears close by!
 The werewolf bites!
 You die...
 Do you want your possessions identified? [ynq] (y) y
 Do you want to see your attributes? [ynq] (y) y
 Do you want an account of creatures vanquished? [ynaq] (y) y
 Do you want to see your conduct and achievements? [ynq] (y) y
 Do you want to see the dungeon overview? [ynq] (y) y

Inventory:
 Weapons  (')')
  a - a +3 bullwhip (weapon in right hand)
 Armor    ('[')
  p - a blessed +1 orcish helm (being worn)
  J - a cursed +0 pair of elven boots (being worn)
  K - a cursed +0 cloak of protection (being worn)
  j - an uncursed +0 banded mail (being worn)
 Comestibles  ('%')
  d - an uncursed food ration
  r - an uncursed lizard corpse
 Scrolls  ('?')
  v - a cursed scroll of charging
  m - 2 uncursed scrolls of earth
  I - an uncursed scroll of fire
  M - a cursed scroll of fire
  L - a cursed scroll of light
  k - an uncursed scroll of remove curse
  D - an uncursed scroll of teleportation
  N - a cursed scroll of teleportation
 Potions  ('!')
  Q - a cursed potion of blindness
  R - a cursed potion of booze
  t - a cursed potion of fruit juice
  O - a cursed potion of invisibility
  n - a potion of holy water
  Z - 2 uncursed potions of water
 Rings    ('=')
  S - a cursed ring of see invisible
  q - an uncursed ring of sustain ability
  U - a cursed ring of sustain ability
  T - a cursed ring of teleport control
 Wands    ('/')
  l - a blessed wand of fire (0:1)
  u - a wand of light (0:10)
  h - a wand of locking (0:5)
  o - a wand of make invisible (0:6)
  W - a cursed wand of slow monster (0:7)
  V - a cursed wand of teleportation (0:7)
 Tools    ('(')
  s - an uncursed sack containing 1 item
  z - an uncursed blindfold
  X - a cursed magic marker (0:20)
  i - an uncursed oil lamp
  e - a +0 pick-axe (alternate weapon; not wielded)
  c - an uncursed stethoscope
  f - a tinning kit (0:72)
 Gems/Stones  ('*')
  C - an uncursed citrine stone
  g - an uncursed touchstone

Contents of the sack:
  761 gold pieces

DiePARTEI the Archeologist's attributes:

Background:
 You were a Field Worker, a level 5 female gnomish Archeologist.
 You were neutral, nominally on a mission for Camaxtli
 who was opposed by Quetzalcoatl (lawful) and Huhetotl (chaotic).
 You were right-handed.
 You were in Sokoban, on level 4.
 You entered the dungeon 3353 turns ago.
 You had 233 experience points, 87 more were needed to attain level 6.

Basics:
 You had 0 out of 30 hit points.
 You had all 21 energy points (spell power).
 Your armor class was -2.
 Your wallet was empty, but
 you had 761 zorkmids stashed away in your pack.
 Autopickup was off.

Final Characteristics:
 Your strength was 12 (limit:18/50).
 Your dexterity was 10 (limit:18).
 Your constitution was 12 (limit:18).
 Your intelligence was 13 (limit:19).
 Your wisdom was 16 (limit:18).
 Your charisma was 13 (limit:18).

Final Status:
 You weren't hungry.
 You were burdened; movement was slightly slowed.
 You were wielding a whip.
 You had basic skill with whip.

Final Attributes:
 You were piously aligned.
 You had automatic searching.
 You had infravision.
 You were stealthy.
 You were protected.
 You were unlucky.
 You are dead.

Miscellaneous:
 You encountered 1 bones level.
 Total elapsed playing time was 26 minutes and 38 seconds.

Major events:
 Turn
    1: DiePARTEI the neutral female gnomish Archeologist entered the dungeon
 1374: attained the rank of Field Worker (level 3)
 2107: entered Sokoban
 2580: completed 1st Sokoban level
 3353: killed by a werewolf

You didn't know any spells.

Skills:
 Fighting Skills
   bare handed combat [Unskilled]
   two weapon combat  [Unskilled]
   riding             [Unskilled]
 Weapon Skills
   dagger             [Unskilled]
   knife              [Unskilled]
   pick-axe           [Basic]
   short sword        [Unskilled]
   saber              [Unskilled]
   club               [Unskilled]
   quarterstaff       [Unskilled]
   sling              [Unskilled]
   dart               [Unskilled]
   boomerang          [Unskilled]
   whip               [Basic]
   unicorn horn       [Unskilled]
 Spellcasting Skills
   attack spells      [Unskilled]
   healing spells     [Unskilled]
   divination spells  [Unskilled]
   matter spells      [Unskilled]

Voluntary challenges:
 Character rerolling was not enabled.
 You were an atheist.
 You never genocided any monsters.
 You never polymorphed an object.
 You never changed form.
 You used no wishes.
 You violated the special Sokoban rules twice.
Achievements:
 You entered a shop.
 You attained the rank of Field Worker.
 You entered Sokoban.

 The Dungeons of Doom: levels 1 to 6
    Level 1:
       A sink.
    Level 2:
       Many fountains, a sink.
    Level 3:
       A ring shop.
    Level 4:
       A grave.
       Final resting place for
          Sapphirejax-Arc-Hum-Mal-Law, killed by a brown mold.
    Level 5:
       Many fountains.
    Level 6:
       Stairs up to Sokoban, level 5.
 Sokoban: levels 5 up to 4
    Level 4: <- You were here.
       Unsolved.
       Final resting place for
          you, killed by a werewolf.
    Level 5:
       Solved.


Vanquished creatures:
  a lizard
  a blue jelly
  a water nymph
 an orc shaman
  a pony
  a shrieker
  2 rothes
 an orc zombie
  2 dwarf zombies
  2 iguanas
  a coyote
  a hobbit
  3 giant rats
  a brown mold
  a yellow mold
  2 garter snakes
  a gnome zombie
  a gecko
  2 jackals
  a fox
  a kobold
  4 goblins
  3 grid bugs
  3 bats
  2 lichens
  3 newts
43 creatures vanquished.

No species were genocided or became extinct.

Game over:
                       ----------
                      /          \
                     /    REST    \
                    /      IN      \
                   /     PEACE      \
                  /                  \
                  |    DiePARTEI     |
                  |      761 Au      |
                  |   killed by a    |
                  |     werewolf     |
                  |                  |
                  |                  |
                  |       2026       |
                 *|     *  *  *      | *
        _________)/\\_//(\/(/\)/\//\/|_)_______

Goodbye DiePARTEI the Archeologist...

You died in Sokoban on dungeon level 4 with 1907 points,
and 761 pieces of gold, after 3353 moves.
You were level 5 with a maximum of 30 hit points when you died.

